 Dungeon Crawl Stone Soup version 0.16.1 (webtiles) character file.

214 Gigax the Skirmisher (level 5, 0/37 HPs)
             Began as an Octopode Fighter on Mar 23, 2015.
             Slain by an iguana (13 damage)
             ... on level 4 of the Dungeon.
             The game lasted 00:06:58 (3943 turns).

Gigax the Skirmisher (Octopode Fighter)             Turns: 3943, Time: 00:06:58

Health: 0/37       AC:  1    Str: 15    XL:     5   Next: 91%
Magic:  14/14      EV: 11    Int: 10    God:
Gold:   205        SH: 10    Dex: 13    Spells: 0 memorised, 4 levels left

rFire  . . .     SeeInvis .       - Unarmed
rCold  . . .     Clarity  .     c - +1 shield
rNeg   + . .     SustAb   .     (helmet restricted)
rPois  .         Gourm    .     o - amulet of warding
rElec  .         Spirit   .     j - ring of teleport control
rCorr  .         Warding  +     p - ring of magical power
rMut   .         Stasis   .     (no ring)
MR     .....                    (no ring)
Stlth  ++........               (no ring)
                                (no ring)
                                (no ring)
                                (no ring)

@: not resistant to hostile enchantments, unstealthy
A: almost no armour, amphibious, 8 rings, constrict 8, camouflage 1, gelatinous
body 1
a: Evoke Teleport Control


You were on level 4 of the Dungeon.
You were near starving.

You visited 1 branch of the dungeon, and saw 4 of its levels.

You collected 205 gold pieces.

Inventory:

Armour
 c - a +1 shield (worn)
Jewellery
 j - a ring of teleport control (left tentacle)
 k - an uncursed ring of ice
 o - an amulet of warding (around mantle)
 p - a ring of magical power (right tentacle)
Magical devices
 q - a wand of disintegration (14)
Scrolls
 f - a scroll of noise {unknown}
 r - a scroll of remove curse
Potions
 e - 3 potions of might
 g - 2 potions of mutation
 h - a potion of heal wounds
 i - 2 potions of haste
 l - 2 potions of curing {unknown}
 m - 3 potions of agility
 n - a potion of lignification {unknown}
Comestibles
 a - a bread ration
 b - a beef jerky
 d - 2 meat rations


   Skills:
 + Level 4.1 Fighting
 + Level 4.0 Dodging
 - Level 3.3 Shields
 * Level 4.1 Unarmed Combat


You had 4 spell levels left.
You didn't know any spells.

Dungeon Overview and Level Annotations

Branches:
Dungeon (4/15)
 Temple: D:4-7

Altars:
Ashenzari
Elyvilon
Yredelemnul

Annotations:
D:4 lorenzova's ghost, average SpEn


Innate Abilities, Weirdness & Mutations

You cannot wear most types of armour.
You are amphibious.
You can wear up to eight rings at the same time.
You can use your tentacles to constrict many enemies at once.
Your skin changes colour to match your surroundings (Stealth).
Your rubbery body absorbs attacks (AC +1).


Message History

You grab the giant gecko. You squeeze the giant gecko.
You kill the giant gecko!
You tentacle-slap the goblin. Your grab misses the goblin.
The goblin is moderately wounded.
The goblin hits you with a club.
Dmg: -14%(-5hp) hp: 73%(27hp)
You closely miss the goblin. You grab the goblin.
The goblin is moderately wounded.
You constrict the goblin. You block the goblin's attack.
You completely miss the goblin.
The goblin is severely wounded.
You constrict the goblin.
You kill the goblin!
The iguana bites you!
Huge Dmg: -37%(-14hp) hp: 36%(13hp)
Your shield prevents you from hitting the iguana.
You grab the iguana. You squeeze the iguana.
The iguana is moderately wounded.
You constrict the iguana. The iguana bites you!
You die...

#...(.## .# #.. #..#
#..##..# ......## ...#
##.#####.. .####..##
#.... #.<# # # ##>..# S..
#.## # ...... ##.# #.#
#...... #..# ##.# .......
##..#######..####l.......
........##....##@)S......
.####......##.....<......
. ###..#####..........
##..###(......#####
#..........#....#
#..#.P.P...######
#...#.._...##
.....#.P.P..#
......#.......#


You could see an iguana and an adder.

Vanquished Creatures
  An iguana (D:3)
  A hound skeleton (D:3)
  6 adders
  2 gnolls (D:3)
  4 worms
  An orc (D:3)
  7 giant cockroaches
  8 goblins
  9 hobgoblins
  3 jackals (D:2)
  5 kobolds
  A quokka (D:3)
  2 ball pythons
  11 bats
  5 giant geckos
  11 giant newts
  9 rats
86 creatures vanquished.

Vanquished Creatures (others)
  A goblin (D:2)
  A kobold (D:2)
2 creatures vanquished.

Grand Total: 88 creatures vanquished

Notes
Turn   | Place    | Note
--------------------------------------------------------------
     0 | D:1      | Gigax, the Octopode Fighter, began the quest for the Orb.
     0 | D:1      | Reached XP level 1. HP: 16/16 MP: 1/1
   347 | D:1      | Reached XP level 2. HP: 17/21 MP: 2/2
   584 | D:1      | Found a shattered altar of Ashenzari.
   902 | D:1      | Reached XP level 3. HP: 26/26 MP: 3/3
  1157 | D:2      | Found a white marble altar of Elyvilon.
  1561 | D:2      | Reached XP level 4. HP: 21/31 MP: 4/4
  2849 | D:3      | Reached XP level 5. HP: 37/37 MP: 5/5
  3412 | D:3      | Reached skill level 4 in Fighting
  3637 | D:4      | Noticed lorenzova's ghost (average SpEn)
  3926 | D:4      | Found a basalt altar of Yredelemnul.
  3943 | D:4      | Slain by an iguana

Action                   |  1- 3 |  4- 6 || total
-------------------------+-------+-------++-------
Melee: Spear             |    98 |    87 ||   185
       Unarmed           |     3 |    49 ||    52
  Use: Scroll            |     3 |     6 ||     9
       Potion            |       |     1 ||     1
 Stab: Sleeping          |     3 |     7 ||    10
  Eat: Chunk             |     1 |     7 ||     8
